 Dungeon Crawl Stone Soup version 0.25-a0-730-g633e9c3c14 (webtiles) character file.

Game seed: 16940990196413685708, levelgen mode: deterministic

256 Lugonue the Stinger (level 6, -4/35 HPs)
             Began as a Tengu Venom Mage on Apr 7, 2020.
             Was an Initiate of Vehumet.
             Slain by an ogre
             ... wielding a +0 giant club
              (24 damage)
             ... on level 4 of the Dungeon.
             The game lasted 00:09:09 (3213 turns).

Lugonue the Stinger (Tengu Venom Mage)              Turns: 3213, Time: 00:09:09

Health: -4/35      AC:  6    Str: 10      XL:     6   Next: 16%
Magic:  0/10       EV: 11    Int: 15 (16) God:    Vehumet [......]
Gold:   101        SH:  0    Dex: 13 (14) Spells: 4/10 levels left

rFire    . . .     SeeInvis .   (no weapon)
rCold    . . .     Gourm    .   (no shield)
rNeg     . . .     Faith    .   k - +0 ring mail
rPois    .         Spirit   .   (helmet restricted)
rElec    .         Reflect  .   b - +0 cloak
rCorr    .         Harm     .   (no gloves)
MR       .....                  (boots unavailable)
Stlth    +.........             n - amulet of the acrobat
HPRegen  0.11/turn              (no ring)
MPRegen  0.12/turn              (no ring)

@: very slightly contaminated
A: beak, talons 3, able to fly
a: Fly, Renounce Religion


You were on level 4 of the Dungeon.
You worshipped Vehumet.
Vehumet was noncommittal.
You were not hungry.

You visited 1 branch of the dungeon, and saw 4 of its levels.

You collected 101 gold pieces.

Inventory:

Armour
 b - a +0 cloak (worn)
 k - a +0 ring mail (worn)
Jewellery
 n - an amulet of the acrobat (around neck)
Scrolls
 a - a scroll of identify
 d - 2 scrolls of amnesia
 g - 4 scrolls of teleportation
 o - a scroll of remove curse
Potions
 e - a potion of brilliance {unknown}
Comestibles
 c - 4 rations


   Skills:
 * Level 2.2 Fighting
 * Level 2.5 Armour
 + Level 3.3 Dodging
 + Level 2.2 Stealth
 + Level 0.8 Unarmed Combat
 + Level 2.6 Spellcasting
 + Level 1.4 Transmutations
 + Level 1.4 Air Magic
 + Level 3.8 Poison Magic


You had 4 spell levels left.
You knew the following spells:

 Your Spells              Type           Power        Failure   Level  Hunger
a - Sting                 Tmut/Pois      #...         17%         1    #......
b - Poisonous Vapours     Pois/Air       #.....       26%         2    ###....
c - Ignite Poison         Fire/Tmut/Pois #.......     58%         3    ###....

Your spell library contained the following spells:

 Spells                   Type           Power        Failure   Level  Hunger
 Mephitic Cloud           Conj/Pois/Air  #.......     58%         3    ###....
 Olgreb's Toxic Radiance  Pois           ##......     71%         4    #####..


Dungeon Overview and Level Annotations

Branches:
Dungeon (4/15)
 Temple: D:4-7

Altars:
Hepliaklqana
Makhleb
Vehumet

Annotations:
D:3 Grinder


Innate Abilities, Weirdness & Mutations

You have a beak for a mouth.
You have claws for feet.
You can fly continuously.


Message History

Aiming: Poisonous Vapours (safe; 26% risk of failure)
Press: ? - help, Dir - move target cursor, f/p - ogre
Aim: an ogre, wielding a +0 giant club (moderately wounded, poisoned) Poisonous vapours surround the ogre!
The ogre is engulfed in poison gas.
The ogre looks even sicker.
You hit the ogre.
The ogre is severely wounded.
The ogre hits you with a +0 giant club!
You hit the ogre. You claw the ogre. You peck the ogre.
The ogre is almost dead.
Casting: Poisonous Vapours (safe; 26% risk of failure)
Confirm with . or Enter, or press ? or * to list all spells.
Aiming: Sting (safe; 17% risk of failure)
Press: ? - help, Shift-Dir - straight line, f/p - ogre
Aim: an ogre, wielding a +0 giant club (almost dead, very poisoned)
The sting hits the ogre.
The ogre looks even sicker.
The ogre is almost dead.
The ogre hits you with a +0 giant club!!
Ouch! That really hurt!
You die...

#..... #....# #....#
#.... #.... #...#
#...# #..O##
####..@.###
..........<##
##..........#
###........######...
###...............
#...............
#.###########... #.
. #.


You could see an ogre.

Vanquished Creatures
  A centaur (D:3)
  A crimson imp (D:3)
  Natasha (D:4)
  Terence (D:1)
  4 adders
  4 worms
  A dart slug (D:2)
  A leopard gecko (D:3)
  An orc (D:3)
  4 bats
  5 giant cockroaches
  3 goblins
  2 hobgoblins (D:2)
  6 kobolds
  2 quokkas (D:3)
  4 frilled lizards
  A leopard gecko skeleton (D:4)
  7 rats
49 creatures vanquished.

Notes
Turn   | Place    | Note
-------+----------+-------------------------------------------
     0 | D:1      | Lugonue the Tengu Venom Mage began the quest for the Orb.
     0 | D:1      | Reached XP level 1. HP: 10/10 MP: 4/4
   416 | D:1      | Reached XP level 2. HP: 15/16 MP: 6/6
   837 | D:2      | Reached skill level 1 in Fighting
   854 | D:2      | Noticed Terence
   885 | D:1      | Killed Terence
   885 | D:1      | Reached skill level 1 in Transmutations
   885 | D:1      | Reached XP level 3. HP: 14/20 MP: 2/7
  1100 | D:2      | Learned a level 2 spell: Poisonous Vapours
  1386 | D:2      | Found a hazy altar of Hepliaklqana.
  1420 | D:2      | Learned a level 3 spell: Ignite Poison
  1512 | D:2      | Reached XP level 4. HP: 22/25 MP: 0/8
  1862 | D:3      | Noticed Grinder
  1934 | D:3      | Paralysed by Grinder for 2 turns
  2335 | D:3      | Reached skill level 1 in Armour
  2335 | D:3      | Reached skill level 1 in Air Magic
  2564 | D:3      | Found a burning altar of Makhleb.
  2610 | D:3      | Gained mutation: You can fly continuously. [Tengu growth]
  2610 | D:3      | Reached XP level 5. HP: 19/30 MP: 3/9
  2794 | D:3      | Noticed a centaur
  2809 | D:3      | Killed a centaur
  2809 | D:3      | Reached XP level 6. HP: 24/35 MP: 0/10
  3068 | D:3      | Found a radiant altar of Vehumet.
  3127 | D:3      | Became a worshipper of Vehumet
  3139 | D:4      | Noticed Natasha
  3166 | D:4      | Killed Natasha
  3213 | D:4      | Slain by an ogre

Levels and vault maps discovered:
D:1:      psy_arrival_terrarium, layout_basic
D:2:      layout_basic, lemuel_crystal_altar, uniq_terence
D:3:      layout_basic, makhleb_grotto_becter, vehumet_crystals, minivault_5,
          uniq_grinder
D:4:      layout_cave_pods, kennysheep_mini, first_ration, uniq_edmund,
          uniq_natasha

Skill      XL: |  1  2  3  4  5 |
---------------+----------------+-----
Fighting       | 1 2 |  2.2
Transmutations | 1 |  1.4
Dodging        | 3 |  3.3
Armour         | 1 2 |  2.5
Air Magic      | 1 |  1.4
Stealth        | |  2.2
Unarmed Combat | |  0.8
Spellcasting   | |  2.6
Poison Magic   | |  3.8

Action                   |  1- 3 |  4- 6 || total
-------------------------+-------+-------++-------
Melee: Unarmed           |    54 |    98 ||   152
       Kick              |    10 |    24 ||    34
       Peck              |     5 |    17 ||    22
 Cast: Sting             |    28 |     7 ||    35
       Poisonous Vapours |     8 |    17 ||    25
  Use: Potion            |     1 |     5 ||     6
       Scroll            |     2 |     6 ||     8
 Stab: Sleeping          |       |     2 ||     2
       Distracted        |       |     1 ||     1
  Eat: Chunk             |     3 |     3 ||     6
       Ration            |       |     2 ||     2
Armor: Robe              |    21 |       ||    21
       Skin              |     4 |       ||     4
       Ring mail         |     3 |    36 ||    39
Dodge: Dodged            |    51 |    62 ||   113

Table legend:
 A = Non-vault XP
 B = Vault XP
 C = Vault XP percentage of total XP
 D = Non-vault monster count
 E = Vault monster count
 F = Vault count percentage of total count
                 A         B        C        D         E       F
            +---------+---------+-------+---------+---------+-------
      Total |     250 |     117 |  31.9 |      46 |       3 |   6.1
            +---------+---------+-------+---------+---------+-------
        D:1 |      27 |      32 |  54.2 |      15 |       1 |   6.2
        D:2 |      52 |       0 |   0.0 |      18 |       0 |   0.0
        D:3 |     170 |      50 |  22.7 |      12 |       1 |   7.7
        D:4 |       1 |      35 |  97.2 |       1 |       1 |  50.0
            +---------+---------+-------+---------+---------+-------
